 Dungeon Crawl Stone Soup version 0.23.2-11-gf996548c65 (webtiles) character file.

Game seed: 3716371132013683449

1008 TrebMcFLY the Cudgeler (level 8, -12/50 HPs)
             Began as a Gargoyle Fighter on June 3, 2019.
             Was an Initiate of Okawaru.
             Killed by divine providence
             ... invoked by an orc priest
              (13 damage)
             ... on level 6 of the Dungeon.
             The game lasted 00:13:51 (4240 turns).

TrebMcFLY the Cudgeler (Gargoyle Fighter)           Turns: 4240, Time: 00:13:52

Health: -12/50     AC: 10    Str: 22    XL:     8   Next: 20%
Magic:  8/8        EV:  8    Int:  9    God:    Okawaru [......]
Gold:   277        SH:  9    Dex:  9    Spells: 7/7 levels left

rFire    . . .     SeeInvis .   t - +1 flail (venom)
rCold    . . .     Gourm    .   c - +0 shield
rNeg     + . .     Faith    .   b - +0 scale mail
rPois    ∞         Spirit   .   (no helmet)
rElec    +         Reflect  .   (no cloak)
rCorr    .         Harm     .   (no gloves)
MR       .....                  (no boots)
Stlth    ..........             a - amulet of magic regeneration
HPRegen  0.16/turn              v - -2 ring of protection (curse)
MPRegen  0.36/turn              (no ring)

@: no status effects
A: negative energy resistance 1, electricity resistance, unbreathing,
petrification resistance, rot immunity, AC +5
a: Renounce Religion


You were on level 6 of the Dungeon.
You worshipped Okawaru.
Okawaru was noncommittal.
You were hungry.

You visited 1 branch of the dungeon, and saw 6 of its levels.

You collected 277 gold pieces.

Inventory:

Hand Weapons
 t - a +1 flail of venom (weapon)
Missiles
 e - 2 silver javelins (quivered)
Armour
 b - a +0 scale mail (worn)
 c - a +0 shield (worn)
 C - the +0 pair of gloves of Uskayaw's Pride {*Slow rF++ Dex+3}
   (You found it on level 4 of the Dungeon)

   It affects your dexterity (+3).
   It greatly protects you from fire.
   It may slow you when you take damage.
Jewellery
 a - an amulet of magic regeneration (around neck)
 v - a cursed -2 ring of protection (left hand)
 y - an uncursed ring of ice
Wands
 A - a wand of enslavement (5)
 E - a wand of flame (8)
Scrolls
 g - a scroll of fog {unknown}
 i - a scroll of random uselessness {unknown}
 j - a scroll of magic mapping {unknown}
 m - a scroll of blinking {unknown}
 n - 4 scrolls of remove curse
 o - a scroll of noise {unknown}
 r - 4 scrolls of identify {unknown}
 u - 2 scrolls of fear {unknown}
 w - 2 scrolls of teleportation {unknown}
 B - a scroll of enchant weapon {unknown}
 F - a scroll of amnesia {unknown}
Potions
 d - a potion of might
 h - 3 potions of agility {unknown}
 k - 3 potions of haste
 l - a potion of magic {unknown}
 p - a potion of flight {unknown}
 q - a potion of heal wounds {unknown}
 s - 2 potions of resistance {unknown}
 x - a potion of degeneration {unknown}
 z - a potion of curing {unknown}
Comestibles
 f - 14 rations
 D - a chunk of flesh


   Skills:
 + Level 5.6 Fighting
 * Level 6.2 Maces & Flails
 + Level 4.9 Armour
 + Level 2.4 Dodging
 + Level 4.8 Shields


You had 7 spell levels left.
You didn't know any spells.
Your spell library was empty.

Dungeon Overview and Level Annotations

Branches:
Dungeon (6/15)
 Temple: D:4-7

Altars:
Fedhas
Okawaru
Qazlal
Ru

Shops:
D:4 ?(!(


Innate Abilities, Weirdness & Mutations

You are resistant to torment.
Your stone body is resilient. (AC +5)
You are immune to poison.
You resist negative energy. (rN+)
You are resistant to electric shocks. (rElec)
You can survive without breathing.
You are immune to petrification.
You are immune to rotting.


Message History

The adder zombie bites you but does no damage.
The orc priest barely misses you.
You barely miss the adder zombie.
The adder zombie is severely damaged.
You block the adder zombie's attack. You block the orc priest's attack.
The adder zombie barely misses you.
Your shield and scale mail prevent you from hitting the adder zombie.
The adder zombie is severely damaged.
You block the adder zombie's attack.
The orc priest hits you but does no damage.
You hit the adder zombie.
The adder zombie is almost destroyed.
The adder zombie bites you but does no damage.
The orc priest mumbles some strange prayers to Beogh against you.
Beogh smites you!
* * * LOW HITPOINT WARNING * * *
The adder zombie bites you but does no damage.
The orc priest mumbles some strange prayers to Beogh against you.
Beogh smites you!
You die...

....# #.#.###
#.#.?.# ..
####...#.#######..
######
#.....(...........
.....#
#.##....#...#.....
.....#
#.##.##.#.........
.....#
#.##.##.#..o....>.
.)...#
#.##....#@Z.....##
...###
#.#######.)[....#
.#.#####.#
##<.....#
.#.......#
#......#
.#########
######## .....#
.....# .....#
.....+


You could see an orc priest and an adder zombie.

Vanquished Creatures
  An ogre (D:5)
  A centaur (D:4)
  3 bullfrogs
  2 crimson imps (D:5)
  A centaur zombie (D:5)
  2 hounds (D:4)
  An orc priest (D:4)
  2 orc wizards (D:6)
  A bullfrog skeleton (D:5)
  Ijyb (D:4)
  3 worker ants
  2 hound skeletons (D:4)
  7 adders
  8 gnolls
  An ooze (D:2)
  4 worms
  A dart slug (D:1)
  3 leopard geckos
  12 orcs
  6 giant cockroaches
  4 goblins
  10 hobgoblins
  12 jackals
  6 kobolds
  2 quokkas
  A ball python (D:3)
  11 bats
  5 frilled lizards
  2 quokka skeletons
  6 rats
121 creatures vanquished.

Notes
Turn   | Place    | Note
-------+----------+-------------------------------------------
     0 | D:1      | TrebMcFLY the Gargoyle Fighter began the quest for the Orb.
     0 | D:1      | Reached XP level 1. HP: 14/14 MP: 1/1
    64 | D:1      | Reached XP level 2. HP: 18/19 MP: 2/2
   366 | D:1      | Reached skill level 3 in Maces & Flails
   371 | D:1      | Reached XP level 3. HP: 23/24 MP: 3/3
   657 | D:2      | Reached XP level 4. HP: 29/29 MP: 4/4
  1002 | D:2      | Reached skill level 4 in Maces & Flails
  1171 | D:3      | Found a sacrificial altar of Ru.
  1193 | D:3      | Reached XP level 5. HP: 17/34 MP: 5/5
  1786 | D:3      | Found a blossoming altar of Fedhas.
  2332 | D:3      | You fall through a shaft for 3 floors!
  2348 | D:5      | Entered Level 5 of the Dungeon
  2430 | D:4      | Found Vatref's Distillery.
  2478 | D:4      | Found Qadghadea's Antique Weapon Boutique.
  2485 | D:4      | Reached XP level 6. HP: 34/39 MP: 6/6
  2504 | D:4      | Found a stormy altar of Qazlal.
  2558 | D:4      | Found Beczuep's Magic Scroll Shoppe.
  2588 | D:4      | Reached skill level 1 in Dodging
  2637 | D:4      | Noticed Ijyb
  2654 | D:4      | Killed Ijyb
  2729 | D:4      | Reached skill level 5 in Maces & Flails
  2897 | D:4      | Reached skill level 5 in Fighting
  2897 | D:4      | Reached XP level 7. HP: 37/44 MP: 7/7
  2929 | D:4      | Got a pair of warped gloves
  2946 | D:4      | Identified the +0 pair of gloves of Uskayaw's Pride {*Slow
                  | rF++ Dex+3} (You found it on level 4 of the Dungeon)
  3155 | D:4      | Found Waplij's Antique Weapon Shoppe.
  3801 | D:5      | Found an iron altar of Okawaru.
  3812 | D:5      | Became a worshipper of Warmaster Okawaru
  4054 | D:6      | Reached skill level 6 in Maces & Flails
  4054 | D:6      | Reached XP level 8. HP: 43/50 MP: 8/8
  4239 | D:6      | HP: 1/50 [orc priest/divine providence (13)]
  4240 | D:6      | Killed from afar by an orc priest

Skill      XL: |  1  2  3  4  5  6  7 |
---------------+----------------------+-----
Maces & Flails | 3 4 5 6 |  6.2
Fighting       | 4 5 |  5.6
Dodging        | 1 2 |  2.4
Armour         | 4 |  4.9
Shields        | 4 |  4.8

Action                   |  1- 3 |  4- 6 |  7- 9 || total
-------------------------+-------+-------+-------++-------
Melee: Flail             |   122 |   219 |   123 ||   464
       Hand axe          |       |     1 |       ||     1
  Use: Scroll            |       |     1 |       ||     1
  Eat: Chunk             |       |     7 |     4 ||    11
Armor: Scale mail        |    98 |   113 |    59 ||   270
Dodge: Dodged            |    69 |    84 |    46 ||   199
Block: Shield            |   108 |   134 |    64 ||   306
